[ AOE2 MATCH · #505268857 ]
UnrankedMalians vs Georgians
[ REPLAY ANALYSIS · EXTRACTED FROM THE RECORDED GAME ]
Feudal
11:13
Castle
15:09
Imperial
43:41
| APM avg | 31.8 |
| APM peak | 95 |
| eAPM avg | 21.5 |
| Villagers / military | 148 / 227 |
Focus
⚔️ 32.2% · 🌾 67.8%
Camel Scout ×130 · Gbeto ×80 · Battering Ram ×11 · Petard ×6 · Trade Cart ×2
Feudal
10:58
Castle
14:33
Imperial
28:50
| APM avg | 91.8 |
| APM peak | 157 |
| eAPM avg | 59.1 |
| Villagers / military | 244 / 182 |
Focus
⚔️ 58.5% · 🌾 41.5%
Cavalry Archer ×107 · Scout Cavalry ×47 · Trade Cart ×34 · Mangonel ×10 · Monk ×9 · Trebuchet (Packed) ×7
Feudal
11:09
Castle
15:01
Imperial
31:45
| APM avg | 31.6 |
| APM peak | 62 |
| eAPM avg | 19.8 |
| Villagers / military | 162 / 185 |
Focus
⚔️ 20.1% · 🌾 79.9%
Mangudai ×101 · Battering Ram ×54 · Spearman ×25 · Monk ×2 · Trebuchet (Packed) ×2 · Scorpion ×1
Feudal
10:56
Castle
14:27
Imperial
33:07
| APM avg | 37.5 |
| APM peak | 93 |
| eAPM avg | 25.6 |
| Villagers / military | 231 / 35 |
Focus
⚔️ 14.6% · 🌾 85.4%
Longbowman ×27 · Mangonel ×3 · Trebuchet (Packed) ×3 · Monk ×2
Feudal
10:27
Castle
14:17
Imperial
38:32
| APM avg | 40.8 |
| APM peak | 84 |
| eAPM avg | 27.6 |
| Villagers / military | 176 / 203 |
Focus
⚔️ 30.7% · 🌾 69.3%
Knight ×126 · Scout Cavalry ×40 · Camel Scout ×29 · Trade Cart ×12 · Bombard Cannon ×6 · Trebuchet (Packed) ×2
Feudal
12:11
Castle
16:37
Imperial
37:17
| APM avg | 32.1 |
| APM peak | 82 |
| eAPM avg | 18.8 |
| Villagers / military | 200 / 131 |
Focus
⚔️ 30.7% · 🌾 69.3%
Knight ×85 · Throwing Axeman ×23 · Scout Cavalry ×21 · Trebuchet (Packed) ×2
Feudal
10:52
Castle
16:32
Imperial
33:38
| APM avg | 30.2 |
| APM peak | 95 |
| eAPM avg | 15.1 |
| Villagers / military | 133 / 182 |
Focus
⚔️ 29.0% · 🌾 71.0%
Woad Raider ×85 · Scorpion ×46 · Spearman ×30 · Battering Ram ×8 · Trebuchet (Packed) ×8 · Mangonel ×4
Feudal
11:45
Castle
16:09
Imperial
30:58
| APM avg | 18.7 |
| APM peak | 45 |
| eAPM avg | 12.6 |
| Villagers / military | 193 / 152 |
Focus
⚔️ 19.1% · 🌾 80.9%
Skirmisher ×126 · Scout Cavalry ×17 · Trebuchet (Packed) ×4 · Mangonel ×3 · Knight ×2
Match map
Initial resources + every placement click. Lines = walls · curves = elevation contours. ◆ gold · ⬟ stone · ● berries · ✦ relic · ◌ wall gap
Your base· ✓ Closed at 15:09 · 0t walls · 3 gate(s)
VIT | Hera's base· ✓ Closed at 14:33 · 13t walls · 4 gate(s)
Regal's base· ✓ Closed at 15:01 · 0t walls · 2 gate(s)
MrGodly0708's base· ✓ Closed at 14:27 · 0t walls · 3 gate(s)
AM | Rick2's base· ✓ Closed at 14:17 · 0t walls · 3 gate(s)
thesmithchris's base· ✓ Closed at 16:37 · 15t walls · 3 gate(s)
naturalandre12's base· ✓ Closed at 16:32 · 0t walls · 2 gate(s)
FAILEDFEMBOY's base· ✓ Closed at 16:09 · 2t walls · 2 gate(s)
Smoothed initial terrain · ◌ = detected wall gap · hover for details
Inputs per minute
— ppeng - - VIT | Hera
Build order — ppeng
First 150 of 506 actions detected
| 0:01 | Create | Villager (Male) |
| 0:02 | Create | Villager (Male) |
| 0:02 | Create | Villager (Male) |
| 0:02 | Create | Villager (Male) |
| 0:03 | Create | Villager (Male) |
| 0:04 | Build | House |
| 0:05 | Build | House |
| 1:24 | Create | Villager (Male) |
| 1:25 | Create | Villager (Male) |
| 1:25 | Create | Villager (Male) |
| 1:51 | Build | Lumber Camp |
| 2:09 | Create | Villager (Male) |
| 2:09 | Create | Villager (Male) |
| 2:09 | Create | Villager (Male) |
| 2:14 | Build | House |
| 2:15 | Build | House |
| 2:16 | Create | Villager (Male) |
| 2:16 | Create | Villager (Male) |
| 2:16 | Create | Villager (Male) |
| 2:48 | Create | Villager (Male) |
| 2:48 | Create | Villager (Male) |
| 2:48 | Create | Villager (Male) |
| 3:00 | Create | Villager (Male) |
| 3:33 | Create | Villager (Male) |
| 3:34 | Create | Villager (Male) |
| 3:34 | Create | Villager (Male) |
| 4:10 | Create | Villager (Male) |
| 4:10 | Create | Villager (Male) |
| 4:10 | Create | Villager (Male) |
| 4:20 | Build | Mill |
| 5:16 | Create | Villager (Male) |
| 5:29 | Create | Villager (Male) |
| 5:44 | Create | Villager (Male) |
| 6:07 | Create | Villager (Male) |
| 6:11 | Build | Mining Camp |
| 6:41 | Create | Villager (Male) |
| 7:17 | Create | Villager (Male) |
| 7:22 | Create | Villager (Male) |
| 8:11 | Create | Villager (Male) |
| 8:32 | Create | Villager (Male) |
| 8:41 | Build | Mining Camp |
| 9:03 | Research | Feudal Age |
| 9:04 | Research | Feudal Age |
| 9:04 | Research | Feudal Age |
| 9:27 | Build | House |
| 9:28 | Build | House |
| 10:05 | Build | Farm |
| 10:28 | Create | Villager (Male) |
| 10:28 | Create | Villager (Male) |
| 11:13 | Age | Feudal Age |
| 11:16 | Build | Blacksmith |
| 11:19 | Build | Market |
| 11:22 | Research | Loom |
| 11:56 | Build | Farm |
| 12:10 | Build | House |
| 12:12 | Build | House |
| 12:29 | Research | Castle Age |
| 12:29 | Research | Castle Age |
| 12:30 | Research | Castle Age |
| 12:35 | Research | Double-Bit Axe |
| 13:02 | Build | Farm |
| 13:16 | Research | Horse Collar |
| 13:16 | Research | Horse Collar |
| 13:48 | Build | Farm |
| 13:56 | Research | Gold Mining |
| 14:25 | Build | Farm |
| 14:43 | Create | Villager (Male) |
| 14:53 | Build | Farm |
| 15:04 | Create | Villager (Male) |
| 15:09 | Age | Castle Age |
| 15:26 | Build | Farm |
| 15:30 | Build | Farm |
| 15:38 | Create | Villager (Male) |
| 15:54 | Build | Castle |
| 15:57 | Create | Villager (Male) |
| 16:04 | Research | Bow Saw |
| 16:26 | Build | Farm |
| 16:37 | Create | Villager (Male) |
| 16:50 | Research | Scale Mail Armor |
| 17:03 | Create | Villager (Male) |
| 17:11 | Build | Mining Camp |
| 17:25 | Create | Gbeto |
| 17:26 | Create | Gbeto |
| 17:40 | Create | Villager (Male) |
| 17:47 | Build | Farm |
| 17:50 | Build | Farm |
| 17:51 | Build | Farm |
| 17:52 | Create | Villager (Male) |
| 18:04 | Build | Farm |
| 18:11 | Create | Gbeto |
| 18:11 | Create | Gbeto |
| 18:11 | Create | Gbeto |
| 18:12 | Create | Gbeto |
| 18:18 | Create | Villager (Male) |
| 18:26 | Build | Lumber Camp |
| 18:30 | Create | Gbeto |
| 18:30 | Create | Gbeto |
| 18:36 | Build | Farm |
| 18:45 | Create | Villager (Male) |
| 18:58 | Create | Gbeto |
| 18:58 | Create | Gbeto |
| 18:58 | Create | Gbeto |
| 19:05 | Build | Farm |
| 19:12 | Build | Farm |
| 19:13 | Create | Gbeto |
| 19:19 | Create | Villager (Male) |
| 19:19 | Create | Villager (Male) |
| 19:20 | Create | Villager (Male) |
| 19:30 | Create | Villager (Male) |
| 19:31 | Create | Villager (Male) |
| 19:31 | Create | Villager (Male) |
| 19:38 | Build | Farm |
| 19:40 | Create | Gbeto |
| 19:41 | Create | Gbeto |
| 19:41 | Create | Gbeto |
| 19:54 | Create | Gbeto |
| 19:55 | Create | Gbeto |
| 19:55 | Create | Gbeto |
| 20:06 | Create | Gbeto |
| 20:37 | Create | Petard ×2 |
| 20:37 | Create | Petard ×2 |
| 20:38 | Create | Petard ×2 |
| 20:54 | Create | Gbeto |
| 20:54 | Create | Gbeto |
| 20:54 | Create | Gbeto |
| 21:02 | Create | Villager (Male) |
| 21:10 | Build | Town Center |
| 21:12 | Create | Villager (Male) |
| 21:30 | Create | Gbeto |
| 21:39 | Create | Gbeto |
| 21:44 | Create | Villager (Male) |
| 21:47 | Build | Farm |
| 21:53 | Create | Gbeto |
| 21:53 | Create | Gbeto |
| 22:03 | Create | Gbeto |
| 22:15 | Create | Villager (Male) |
| 22:16 | Create | Villager (Male) |
| 22:16 | Create | Villager (Male) |
| 22:18 | Build | Farm |
| 22:19 | Build | Farm |
| 22:34 | Create | Gbeto |
| 22:34 | Create | Gbeto |
| 22:47 | Create | Gbeto |
| 22:47 | Create | Gbeto |
| 23:08 | Research | Fletching |
| 23:15 | Create | Gbeto |
| 23:15 | Create | Gbeto |
| 24:05 | Create | Villager (Male) |
| 24:06 | Research | Wheelbarrow |
| 24:07 | Research | Wheelbarrow |
Build order — VIT | Hera
First 150 of 573 actions detected
| 0:02 | Create | Villager (Male) |
| 0:02 | Create | Villager (Male) |
| 0:02 | Create | Villager (Male) |
| 0:03 | Build | House |
| 0:04 | Build | House |
| 0:13 | Create | Villager (Male) |
| 0:13 | Create | Villager (Male) |
| 1:31 | Create | Villager (Male) |
| 1:31 | Create | Villager (Male) |
| 2:01 | Create | Villager (Male) |
| 2:14 | Create | Villager (Male) |
| 2:14 | Create | Villager (Male) |
| 2:46 | Create | Villager (Male) |
| 2:46 | Create | Villager (Male) |
| 3:03 | Create | Villager (Male) |
| 3:03 | Create | Villager (Male) |
| 3:24 | Build | House |
| 3:34 | Build | Palisade Gate |
| 3:35 | Create | Villager (Male) |
| 3:35 | Create | Villager (Male) |
| 3:49 | Create | Villager (Male) |
| 3:49 | Create | Villager (Male) |
| 4:14 | Build | Palisade Wall |
| 4:14 | Build | Palisade Wall |
| 4:23 | Build | Palisade Wall |
| 4:31 | Build | Palisade Wall |
| 4:33 | Create | Villager (Male) |
| 4:33 | Create | Villager (Male) |
| 4:45 | Build | Palisade Wall |
| 4:46 | Build | Palisade Wall |
| 4:49 | Build | Palisade Wall |
| 4:50 | Build | Palisade Wall |
| 4:52 | Build | Palisade Wall |
| 4:53 | Build | Palisade Wall |
| 5:00 | Build | Mill |
| 5:02 | Create | Villager (Male) |
| 5:02 | Create | Villager (Male) |
| 5:29 | Create | Villager (Male) |
| 5:29 | Create | Villager (Male) |
| 6:17 | Build | House |
| 6:37 | Create | Villager (Male) |
| 6:37 | Create | Villager (Male) |
| 6:39 | Create | Villager (Male) |
| 6:39 | Create | Villager (Male) |
| 6:39 | Create | Villager (Male) |
| 6:58 | Build | House |
| 8:14 | Create | Villager (Male) |
| 8:28 | Build | Mule Cart |
| 8:47 | Research | Feudal Age |
| 9:07 | Build | Farm |
| 9:09 | Build | Farm |
| 9:20 | Build | Farm |
| 9:42 | Build | Farm |
| 10:36 | Create | Villager (Male) |
| 10:58 | Age | Feudal Age |
| 11:00 | Create | Villager (Male) |
| 11:01 | Build | Market |
| 11:05 | Build | Blacksmith |
| 11:26 | Build | Farm |
| 11:53 | Research | Castle Age |
| 12:07 | Research | Double-Bit Axe |
| 12:29 | Research | Horse Collar |
| 12:38 | Build | Farm |
| 12:41 | Build | Farm |
| 13:08 | Build | Farm |
| 13:46 | Create | Villager (Male) |
| 14:12 | Build | House |
| 14:33 | Age | Castle Age |
| 14:34 | Build | Town Center |
| 14:35 | Create | Villager (Male) |
| 14:39 | Build | Town Center |
| 14:44 | Research | Bow Saw |
| 14:44 | Research | Bow Saw |
| 14:58 | Research | Heavy Plow |
| 15:15 | Create | Villager (Male) |
| 15:27 | Create | Villager (Male) |
| 15:35 | Create | Villager (Male) |
| 15:35 | Create | Villager (Male) |
| 15:36 | Build | Farm |
| 15:37 | Build | Farm |
| 15:38 | Build | Farm |
| 15:42 | Create | Villager (Male) |
| 15:49 | Build | Farm |
| 16:01 | Create | Villager (Male) |
| 16:03 | Build | House |
| 16:04 | Build | House |
| 16:09 | Build | Farm |
| 16:16 | Create | Villager (Male) |
| 16:16 | Create | Villager (Male) |
| 16:18 | Build | Farm |
| 16:28 | Create | Villager (Male) |
| 16:32 | Build | Farm |
| 16:38 | Create | Villager (Male) |
| 16:39 | Create | Villager (Male) |
| 16:43 | Build | Farm |
| 16:44 | Build | Farm |
| 16:56 | Create | Villager (Male) |
| 16:59 | Build | Farm |
| 17:00 | Create | Villager (Male) |
| 17:00 | Create | Villager (Male) |
| 17:04 | Build | Farm |
| 17:20 | Create | Villager (Male) |
| 17:27 | Create | Villager (Male) |
| 17:31 | Create | Villager (Male) |
| 17:31 | Create | Villager (Male) |
| 17:40 | Build | House |
| 17:40 | Build | House |
| 17:41 | Create | Villager (Male) |
| 17:45 | Build | Farm |
| 17:51 | Build | Farm |
| 17:52 | Build | Farm |
| 17:53 | Create | Villager (Male) |
| 17:53 | Create | Villager (Male) |
| 17:59 | Create | Villager (Male) |
| 18:01 | Create | Villager (Male) |
| 18:02 | Create | Villager (Male) |
| 18:14 | Create | Villager (Male) |
| 18:14 | Create | Villager (Male) |
| 18:21 | Build | Monastery |
| 18:22 | Create | Villager (Male) |
| 18:30 | Build | House |
| 18:31 | Build | House |
| 18:32 | Create | Villager (Male) |
| 18:32 | Create | Villager (Male) |
| 18:35 | Build | Monastery |
| 18:36 | Create | Villager (Male) |
| 18:36 | Create | Villager (Male) |
| 18:41 | Build | Farm |
| 18:48 | Build | Farm |
| 18:50 | Create | Villager (Male) |
| 18:50 | Create | Villager (Male) |
| 18:52 | Build | Farm |
| 18:54 | Create | Villager (Male) |
| 18:54 | Create | Villager (Male) |
| 19:02 | Build | Farm |
| 19:06 | Create | Villager (Male) |
| 19:06 | Create | Villager (Male) |
| 19:15 | Create | Villager (Male) |
| 19:15 | Create | Villager (Male) |
| 19:33 | Build | Town Center |
| 19:35 | Create | Villager (Male) |
| 19:35 | Create | Villager (Male) |
| 19:38 | Research | Stone Mining |
| 19:40 | Build | Farm |
| 19:41 | Build | Farm |
| 19:44 | Build | Farm |
| 19:48 | Create | Villager (Male) |
| 19:48 | Create | Villager (Male) |
| 19:48 | Create | Villager (Male) |
| 19:58 | Build | House |
Build order — Regal
First 150 of 343 actions detected
| 0:00 | Create | Villager (Male) |
| 0:01 | Create | Villager (Male) |
| 0:01 | Create | Villager (Male) |
| 0:02 | Build | House |
| 0:03 | Build | House |
| 0:06 | Create | Villager (Male) |
| 1:25 | Create | Villager (Male) |
| 2:03 | Create | Villager (Male) |
| 2:12 | Build | Lumber Camp |
| 2:15 | Create | Villager (Male) |
| 2:15 | Create | Villager (Male) |
| 2:41 | Create | Villager (Male) |
| 3:05 | Create | Villager (Male) |
| 3:28 | Create | Villager (Male) |
| 3:48 | Build | House |
| 3:49 | Build | House |
| 4:05 | Create | Villager (Male) |
| 4:49 | Create | Villager (Male) |
| 4:49 | Create | Villager (Male) |
| 4:50 | Create | Villager (Male) |
| 5:07 | Create | Villager (Male) |
| 5:16 | Build | Mill |
| 5:24 | Create | Villager (Male) |
| 5:48 | Create | Villager (Male) |
| 5:48 | Create | Villager (Male) |
| 6:19 | Build | Farm |
| 6:25 | Build | Farm |
| 6:40 | Create | Villager (Male) |
| 7:13 | Build | Mill |
| 7:32 | Create | Villager (Male) |
| 7:33 | Create | Villager (Male) |
| 7:34 | Create | Villager (Male) |
| 8:12 | Research | Feudal Age |
| 8:18 | Build | Mining Camp |
| 8:35 | Build | Farm |
| 8:39 | Build | Farm |
| 8:57 | Create | Villager (Male) |
| 8:57 | Create | Villager (Male) |
| 9:02 | Build | House |
| 9:32 | Build | Farm |
| 10:12 | Build | Farm |
| 11:09 | Age | Feudal Age |
| 11:14 | Build | Market |
| 11:18 | Build | Blacksmith |
| 11:51 | Build | Mining Camp |
| 12:21 | Research | Castle Age |
| 12:21 | Research | Double-Bit Axe |
| 12:25 | Research | Horse Collar |
| 12:47 | Create | Villager (Male) |
| 15:01 | Age | Castle Age |
| 15:02 | Build | Town Center |
| 15:09 | Build | Town Center |
| 15:23 | Build | Town Center |
| 15:28 | Create | Villager (Male) |
| 15:29 | Create | Villager (Male) |
| 15:41 | Build | Farm |
| 16:13 | Research | Bow Saw |
| 16:25 | Create | Villager (Male) |
| 16:25 | Create | Villager (Male) |
| 16:26 | Create | Villager (Male) |
| 16:41 | Research | Heavy Plow |
| 16:43 | Create | Villager (Male) |
| 16:43 | Create | Villager (Male) |
| 16:48 | Create | Villager (Male) |
| 16:48 | Create | Villager (Male) |
| 16:55 | Build | Farm |
| 16:58 | Build | Farm |
| 17:02 | Build | Farm |
| 17:03 | Create | Villager (Male) |
| 17:04 | Create | Villager (Male) |
| 17:13 | Build | Farm |
| 17:19 | Build | Farm |
| 17:25 | Create | Villager (Male) |
| 17:26 | Create | Villager (Male) |
| 17:33 | Build | Farm |
| 17:39 | Create | Villager (Male) |
| 17:41 | Build | Farm |
| 17:44 | Build | Farm |
| 17:53 | Build | Farm |
| 18:15 | Create | Villager (Male) |
| 18:15 | Create | Villager (Male) |
| 18:16 | Create | Villager (Male) |
| 18:22 | Build | Farm |
| 18:23 | Build | Farm |
| 18:24 | Build | Farm |
| 18:27 | Build | Farm |
| 18:29 | Build | Farm |
| 18:30 | Create | Villager (Male) |
| 18:30 | Create | Villager (Male) |
| 18:37 | Build | Farm |
| 18:41 | Build | Farm |
| 18:42 | Create | Villager (Male) |
| 18:42 | Create | Villager (Male) |
| 18:46 | Build | House |
| 18:46 | Build | House |
| 19:02 | Research | Wheelbarrow |
| 19:06 | Build | Farm |
| 19:07 | Build | Farm |
| 19:09 | Build | Farm |
| 19:19 | Create | Villager (Male) |
| 19:19 | Create | Villager (Male) |
| 19:27 | Build | Farm |
| 19:31 | Build | Farm |
| 19:33 | Build | Farm |
| 19:34 | Create | Villager (Male) |
| 19:34 | Create | Villager (Male) |
| 19:41 | Create | Villager (Male) |
| 19:41 | Create | Villager (Male) |
| 19:49 | Build | Farm |
| 19:50 | Build | Farm |
| 19:52 | Build | Farm |
| 20:02 | Create | Villager (Male) |
| 20:02 | Create | Villager (Male) |
| 20:02 | Create | Villager (Male) |
| 20:05 | Build | Farm |
| 20:09 | Build | Farm |
| 20:11 | Create | Villager (Male) |
| 20:11 | Create | Villager (Male) |
| 20:17 | Create | Villager (Male) |
| 20:20 | Build | Farm |
| 20:26 | Create | Villager (Male) |
| 20:33 | Create | Villager (Male) |
| 20:38 | Build | House |
| 20:39 | Build | House |
| 20:42 | Build | Farm |
| 20:43 | Build | Farm |
| 20:47 | Build | House |
| 21:06 | Research | Hand Cart |
| 21:14 | Build | Farm |
| 21:19 | Create | Villager (Male) |
| 21:19 | Create | Villager (Male) |
| 21:19 | Create | Villager (Male) |
| 21:24 | Build | House |
| 21:25 | Build | House |
| 21:27 | Build | House |
| 21:46 | Create | Villager (Male) |
| 21:46 | Create | Villager (Male) |
| 21:49 | Create | Villager (Male) |
| 21:52 | Build | House |
| 21:53 | Build | House |
| 21:54 | Build | House |
| 21:58 | Research | Gold Mining |
| 22:12 | Create | Villager (Male) |
| 22:12 | Create | Villager (Male) |
| 22:13 | Create | Villager (Male) |
| 22:13 | Create | Villager (Male) |
| 22:13 | Create | Villager (Male) |
| 22:13 | Create | Villager (Male) |
| 22:14 | Create | Villager (Male) |
| 22:15 | Create | Villager (Male) |
Build order — MrGodly0708
First 150 of 451 actions detected
| 0:00 | Create | Villager (Male) |
| 0:00 | Create | Villager (Male) |
| 0:00 | Create | Villager (Male) |
| 0:01 | Create | Villager (Male) |
| 0:03 | Build | House |
| 0:05 | Build | House |
| 1:35 | Create | Villager (Male) |
| 1:48 | Build | Lumber Camp |
| 1:57 | Create | Villager (Male) |
| 2:20 | Create | Villager (Male) |
| 2:40 | Create | Villager (Male) |
| 2:40 | Create | Villager (Male) |
| 3:05 | Create | Villager (Male) |
| 3:46 | Create | Villager (Male) |
| 3:49 | Build | House |
| 3:50 | Build | House |
| 4:14 | Build | Mill |
| 4:27 | Create | Villager (Male) |
| 4:45 | Create | Villager (Male) |
| 5:04 | Create | Villager (Male) |
| 5:04 | Create | Villager (Male) |
| 5:42 | Build | Mill |
| 5:50 | Create | Villager (Male) |
| 5:51 | Create | Villager (Male) |
| 5:51 | Create | Villager (Male) |
| 6:49 | Create | Villager (Male) |
| 7:08 | Create | Villager (Male) |
| 7:40 | Create | Villager (Male) |
| 8:08 | Research | Feudal Age |
| 8:14 | Build | Farm |
| 8:17 | Build | Farm |
| 8:23 | Build | Mining Camp |
| 8:29 | Build | House |
| 9:09 | Build | Farm |
| 10:39 | Create | Villager (Male) |
| 10:40 | Create | Villager (Male) |
| 10:56 | Age | Feudal Age |
| 10:58 | Build | Market |
| 11:00 | Build | Blacksmith |
| 11:47 | Research | Castle Age |
| 12:00 | Build | Farm |
| 12:03 | Build | Farm |
| 12:22 | Research | Double-Bit Axe |
| 12:36 | Research | Horse Collar |
| 12:58 | Build | House |
| 13:00 | Build | House |
| 14:10 | Create | Villager (Male) |
| 14:27 | Age | Castle Age |
| 14:30 | Build | Town Center |
| 14:38 | Build | Town Center |
| 14:41 | Research | Heavy Plow |
| 14:42 | Research | Bow Saw |
| 14:47 | Build | Farm |
| 14:48 | Build | Farm |
| 14:48 | Build | Farm |
| 15:05 | Create | Villager (Male) |
| 15:09 | Build | Farm |
| 15:30 | Create | Villager (Male) |
| 15:41 | Build | Farm |
| 15:52 | Create | Villager (Male) |
| 15:54 | Build | Farm |
| 15:54 | Build | Farm |
| 15:54 | Build | Farm |
| 16:00 | Create | Villager (Male) |
| 16:15 | Build | Farm |
| 16:16 | Create | Villager (Male) |
| 16:27 | Create | Villager (Male) |
| 16:27 | Create | Villager (Male) |
| 16:36 | Build | Farm |
| 16:36 | Build | Farm |
| 16:36 | Build | Farm |
| 16:36 | Build | Farm |
| 16:42 | Create | Villager (Male) |
| 16:42 | Create | Villager (Male) |
| 16:52 | Create | Villager (Male) |
| 16:52 | Create | Villager (Male) |
| 16:55 | Build | Farm |
| 17:01 | Create | Villager (Male) |
| 17:01 | Create | Villager (Male) |
| 17:06 | Build | Farm |
| 17:23 | Create | Villager (Male) |
| 17:29 | Build | Farm |
| 17:32 | Build | Farm |
| 17:33 | Create | Villager (Male) |
| 17:33 | Create | Villager (Male) |
| 17:50 | Build | Farm |
| 17:51 | Build | Farm |
| 17:52 | Create | Villager (Male) |
| 17:52 | Create | Villager (Male) |
| 17:54 | Create | Villager (Male) |
| 18:06 | Build | Farm |
| 18:07 | Create | Villager (Male) |
| 18:08 | Create | Villager (Male) |
| 18:11 | Build | Farm |
| 18:13 | Create | Villager (Male) |
| 18:13 | Create | Villager (Male) |
| 18:18 | Build | Farm |
| 18:18 | Build | Farm |
| 18:31 | Create | Villager (Male) |
| 18:32 | Create | Villager (Male) |
| 18:39 | Build | Farm |
| 18:43 | Create | Villager (Male) |
| 18:44 | Create | Villager (Male) |
| 18:51 | Build | Farm |
| 18:51 | Build | Farm |
| 19:01 | Build | House |
| 19:03 | Build | House |
| 19:03 | Create | Villager (Male) |
| 19:04 | Create | Villager (Male) |
| 19:07 | Build | House |
| 19:08 | Build | House |
| 19:09 | Build | House |
| 19:18 | Research | Wheelbarrow |
| 19:18 | Research | Wheelbarrow |
| 19:23 | Create | Villager (Male) |
| 19:37 | Create | Villager (Male) |
| 19:48 | Create | Villager (Male) |
| 19:48 | Create | Villager (Male) |
| 20:04 | Build | Farm |
| 20:06 | Create | Villager (Male) |
| 20:12 | Build | Lumber Camp |
| 20:19 | Build | Town Center |
| 20:24 | Create | Villager (Male) |
| 20:33 | Research | Hand Cart |
| 20:33 | Research | Hand Cart |
| 20:41 | Build | House |
| 20:43 | Build | House |
| 20:47 | Create | Villager (Male) |
| 20:48 | Create | Villager (Male) |
| 20:53 | Build | Farm |
| 20:55 | Create | Villager (Male) |
| 20:55 | Create | Villager (Male) |
| 21:06 | Build | Farm |
| 21:10 | Build | Farm |
| 21:11 | Create | Villager (Male) |
| 21:11 | Create | Villager (Male) |
| 21:20 | Create | Villager (Male) |
| 21:20 | Create | Villager (Male) |
| 21:30 | Create | Villager (Male) |
| 21:42 | Create | Villager (Male) |
| 21:42 | Create | Villager (Male) |
| 21:47 | Build | Monastery |
| 21:50 | Build | House |
| 21:51 | Build | House |
| 21:54 | Create | Villager (Male) |
| 21:54 | Create | Villager (Male) |
| 21:59 | Build | Siege Workshop |
| 22:10 | Create | Villager (Male) |
| 22:10 | Create | Villager (Male) |
| 22:14 | Build | Farm |
Build order — AM | Rick2
First 150 of 551 actions detected
| 0:00 | Create | Villager (Male) |
| 0:01 | Create | Villager (Male) |
| 0:01 | Create | Villager (Male) |
| 0:03 | Build | House |
| 0:04 | Build | House |
| 0:44 | Create | Villager (Male) |
| 0:51 | Create | Villager (Male) |
| 0:51 | Create | Villager (Male) |
| 1:27 | Create | Villager (Male) |
| 1:45 | Build | Lumber Camp |
| 1:48 | Create | Villager (Male) |
| 2:14 | Create | Villager (Male) |
| 2:33 | Build | House |
| 2:34 | Build | House |
| 3:00 | Create | Villager (Male) |
| 3:16 | Create | Villager (Male) |
| 4:01 | Create | Villager (Male) |
| 4:02 | Create | Villager (Male) |
| 4:10 | Create | Villager (Male) |
| 4:32 | Create | Villager (Male) |
| 4:34 | Build | Mill |
| 5:27 | Build | Farm |
| 5:30 | Build | Farm |
| 5:34 | Create | Villager (Male) |
| 5:47 | Create | Villager (Male) |
| 5:50 | Build | Farm |
| 5:58 | Create | Villager (Male) |
| 6:37 | Create | Villager (Male) |
| 6:44 | Build | Farm |
| 6:45 | Create | Villager (Male) |
| 7:29 | Create | Villager (Male) |
| 7:37 | Build | Mining Camp |
| 7:38 | Create | Villager (Male) |
| 7:58 | Research | Feudal Age |
| 9:04 | Build | House |
| 9:15 | Create | Villager (Male) |
| 9:15 | Create | Villager (Male) |
| 10:27 | Create | Villager (Male) |
| 10:27 | Age | Feudal Age |
| 10:34 | Build | Market |
| 10:37 | Build | Blacksmith |
| 11:51 | Research | Castle Age |
| 12:10 | Build | Mill |
| 12:33 | Research | Horse Collar |
| 12:40 | Build | Farm |
| 12:43 | Build | Farm |
| 12:46 | Build | Farm |
| 12:52 | Build | Farm |
| 13:27 | Research | Double-Bit Axe |
| 13:40 | Build | House |
| 14:17 | Age | Castle Age |
| 14:18 | Create | Villager (Male) |
| 14:18 | Create | Villager (Male) |
| 14:42 | Create | Villager (Male) |
| 14:59 | Build | Town Center |
| 15:05 | Create | Villager (Male) |
| 15:15 | Create | Villager (Male) |
| 15:35 | Create | Villager (Male) |
| 15:39 | Build | Farm |
| 16:03 | Create | Villager (Male) |
| 16:10 | Build | House |
| 16:12 | Build | House |
| 16:15 | Create | Villager (Male) |
| 16:19 | Build | Farm |
| 16:53 | Create | Villager (Male) |
| 16:53 | Create | Villager (Male) |
| 16:53 | Create | Villager (Male) |
| 17:06 | Create | Villager (Male) |
| 17:09 | Create | Villager (Male) |
| 17:24 | Build | Barracks |
| 17:26 | Create | Villager (Male) |
| 17:28 | Research | Scale Barding Armor |
| 17:29 | Research | Forging |
| 17:59 | Create | Villager (Male) |
| 18:00 | Create | Villager (Male) |
| 18:08 | Build | Farm |
| 18:08 | Build | Farm |
| 18:08 | Build | Farm |
| 18:09 | Build | Farm |
| 18:09 | Build | Farm |
| 18:09 | Build | Farm |
| 18:11 | Create | Villager (Male) |
| 18:18 | Build | Stable |
| 18:27 | Build | Farm |
| 18:27 | Build | Farm |
| 18:27 | Build | Farm |
| 18:28 | Build | Farm |
| 18:44 | Build | Farm |
| 18:45 | Create | Villager (Male) |
| 18:50 | Build | Farm |
| 18:52 | Create | Villager (Male) |
| 19:08 | Create | Villager (Male) |
| 19:18 | Research | Bloodlines |
| 19:32 | Build | Stable |
| 19:42 | Create | Villager (Male) |
| 19:43 | Create | Villager (Male) |
| 19:49 | Build | House |
| 19:51 | Build | House |
| 19:51 | Build | House |
| 19:51 | Build | House |
| 19:52 | Build | House |
| 19:53 | Build | House |
| 19:55 | Build | House |
| 19:56 | Build | House |
| 19:57 | Build | House |
| 19:57 | Create | Villager (Male) |
| 20:04 | Create | Villager (Male) |
| 20:23 | Research | Chain Barding Armor |
| 20:39 | Create | Knight |
| 20:39 | Create | Knight |
| 20:39 | Create | Knight |
| 20:40 | Create | Villager (Male) |
| 20:43 | Build | House |
| 20:44 | Build | House |
| 20:45 | Build | House |
| 20:47 | Build | House |
| 20:54 | Create | Villager (Male) |
| 20:54 | Create | Villager (Male) |
| 21:04 | Create | Knight |
| 21:04 | Create | Knight |
| 21:08 | Create | Villager (Male) |
| 21:18 | Build | Farm |
| 21:19 | Build | Farm |
| 21:19 | Build | Farm |
| 21:19 | Build | Farm |
| 21:21 | Create | Knight |
| 21:21 | Create | Knight |
| 21:26 | Create | Villager (Male) |
| 21:39 | Create | Knight |
| 21:39 | Create | Knight |
| 21:40 | Create | Villager (Male) |
| 21:46 | Create | Villager (Male) |
| 21:49 | Build | Farm |
| 21:50 | Create | Villager (Male) |
| 21:57 | Build | House |
| 21:58 | Build | House |
| 22:02 | Create | Villager (Male) |
| 22:06 | Build | Mill |
| 22:07 | Build | Farm |
| 22:08 | Build | Farm |
| 22:09 | Build | Farm |
| 22:10 | Create | Villager (Male) |
| 22:21 | Create | Knight |
| 22:21 | Create | Knight |
| 22:42 | Create | Knight |
| 22:42 | Create | Knight |
| 22:42 | Create | Knight |
| 22:51 | Create | Villager (Male) |
| 22:52 | Create | Villager (Male) |
| 23:02 | Create | Knight |
Build order — thesmithchris
First 150 of 526 actions detected
| 0:01 | Create | Villager (Male) |
| 0:02 | Create | Villager (Male) |
| 0:02 | Create | Villager (Male) |
| 0:03 | Build | House |
| 0:05 | Build | House |
| 0:36 | Create | Villager (Male) |
| 0:36 | Create | Villager (Male) |
| 1:16 | Build | Palisade Wall |
| 1:19 | Build | Palisade Wall |
| 1:20 | Build | Palisade Wall |
| 1:21 | Build | Palisade Wall |
| 1:21 | Build | Palisade Wall |
| 1:22 | Build | Palisade Wall |
| 1:23 | Build | Palisade Wall |
| 1:24 | Build | Palisade Wall |
| 1:25 | Build | Palisade Wall |
| 1:30 | Create | Villager (Male) |
| 1:31 | Create | Villager (Male) |
| 1:54 | Create | Villager (Male) |
| 1:54 | Create | Villager (Male) |
| 2:05 | Build | Palisade Gate |
| 2:28 | Build | Palisade Wall |
| 2:32 | Build | Palisade Wall |
| 2:34 | Build | Palisade Wall |
| 2:35 | Build | Palisade Wall |
| 2:36 | Build | Palisade Wall |
| 2:40 | Create | Villager (Male) |
| 2:40 | Create | Villager (Male) |
| 3:14 | Create | Villager (Male) |
| 3:15 | Create | Villager (Male) |
| 3:37 | Create | Villager (Male) |
| 3:38 | Create | Villager (Male) |
| 3:38 | Create | Villager (Male) |
| 3:48 | Build | House |
| 4:24 | Build | House |
| 4:34 | Create | Villager (Male) |
| 4:34 | Create | Villager (Male) |
| 5:12 | Create | Villager (Male) |
| 5:12 | Create | Villager (Male) |
| 5:13 | Create | Villager (Male) |
| 5:16 | Create | Villager (Male) |
| 5:16 | Create | Villager (Male) |
| 5:56 | Create | Villager (Male) |
| 5:56 | Create | Villager (Male) |
| 5:57 | Create | Villager (Male) |
| 5:57 | Create | Villager (Male) |
| 5:57 | Create | Villager (Male) |
| 6:25 | Create | Villager (Male) |
| 6:25 | Create | Villager (Male) |
| 6:43 | Build | Lumber Camp |
| 6:52 | Create | Villager (Male) |
| 6:53 | Create | Villager (Male) |
| 7:02 | Create | Villager (Male) |
| 7:02 | Create | Villager (Male) |
| 7:03 | Create | Villager (Male) |
| 7:10 | Create | Villager (Male) |
| 7:10 | Create | Villager (Male) |
| 7:35 | Create | Villager (Male) |
| 7:36 | Create | Villager (Male) |
| 7:53 | Build | House |
| 8:05 | Create | Villager (Male) |
| 8:05 | Create | Villager (Male) |
| 8:05 | Create | Villager (Male) |
| 8:18 | Build | Mill |
| 8:46 | Build | Farm |
| 8:48 | Build | Farm |
| 8:55 | Create | Villager (Male) |
| 8:55 | Create | Villager (Male) |
| 8:55 | Create | Villager (Male) |
| 9:06 | Create | Villager (Male) |
| 9:22 | Build | Farm |
| 9:31 | Create | Villager (Male) |
| 9:32 | Create | Villager (Male) |
| 9:32 | Create | Villager (Male) |
| 9:47 | Create | Villager (Male) |
| 9:47 | Create | Villager (Male) |
| 9:47 | Create | Villager (Male) |
| 10:01 | Research | Feudal Age |
| 10:17 | Build | Mining Camp |
| 10:26 | Build | Farm |
| 10:39 | Create | Villager (Male) |
| 10:40 | Create | Villager (Male) |
| 11:05 | Build | House |
| 11:06 | Create | Villager (Male) |
| 12:11 | Age | Feudal Age |
| 12:13 | Build | Market |
| 12:16 | Build | Blacksmith |
| 12:27 | Research | Double-Bit Axe |
| 12:33 | Build | Farm |
| 13:23 | Create | Villager (Male) |
| 13:57 | Research | Castle Age |
| 14:28 | Build | Farm |
| 14:30 | Build | Farm |
| 14:36 | Build | Farm |
| 14:36 | Build | Farm |
| 14:37 | Build | Farm |
| 14:37 | Build | Farm |
| 14:53 | Create | Villager (Male) |
| 14:53 | Create | Villager (Male) |
| 15:15 | Build | House |
| 15:16 | Build | House |
| 15:28 | Create | Villager (Male) |
| 15:33 | Build | House |
| 15:39 | Build | House |
| 15:41 | Build | House |
| 16:02 | Create | Villager (Male) |
| 16:11 | Build | House |
| 16:14 | Create | Villager (Male) |
| 16:37 | Age | Castle Age |
| 16:40 | Build | Town Center |
| 16:43 | Build | Town Center |
| 16:52 | Build | House |
| 16:54 | Build | House |
| 16:59 | Create | Villager (Male) |
| 17:04 | Research | Bow Saw |
| 17:16 | Build | Farm |
| 17:19 | Build | Farm |
| 17:25 | Create | Villager (Male) |
| 17:30 | Build | Farm |
| 17:41 | Create | Villager (Male) |
| 17:44 | Create | Villager (Male) |
| 17:50 | Build | Farm |
| 18:05 | Create | Villager (Male) |
| 18:08 | Create | Villager (Male) |
| 18:08 | Create | Villager (Male) |
| 18:08 | Create | Villager (Male) |
| 18:20 | Build | House |
| 18:23 | Build | House |
| 18:24 | Build | House |
| 18:27 | Create | Villager (Male) |
| 18:27 | Create | Villager (Male) |
| 18:29 | Create | Villager (Male) |
| 18:29 | Create | Villager (Male) |
| 18:29 | Create | Villager (Male) |
| 18:39 | Build | Mining Camp |
| 18:48 | Build | Barracks |
| 18:52 | Create | Villager (Male) |
| 18:52 | Create | Villager (Male) |
| 19:00 | Create | Villager (Male) |
| 19:00 | Create | Villager (Male) |
| 19:27 | Create | Villager (Male) |
| 19:28 | Create | Villager (Male) |
| 19:28 | Create | Villager (Male) |
| 19:32 | Build | Stable |
| 19:42 | Build | Stable |
| 19:46 | Create | Villager (Male) |
| 19:46 | Create | Villager (Male) |
| 19:57 | Build | Farm |
| 20:02 | Build | Farm |
| 20:05 | Build | Farm |
Build order — naturalandre12
First 150 of 369 actions detected
| 0:01 | Create | Villager (Male) |
| 0:01 | Create | Villager (Male) |
| 0:02 | Create | Villager (Male) |
| 0:03 | Build | House |
| 0:16 | Create | Villager (Male) |
| 0:16 | Create | Villager (Male) |
| 0:17 | Research | Loom |
| 0:49 | Build | House |
| 0:51 | Build | House |
| 0:53 | Build | House |
| 0:59 | Build | Lumber Camp |
| 1:42 | Create | Villager (Male) |
| 1:42 | Create | Villager (Male) |
| 2:22 | Create | Villager (Male) |
| 2:56 | Create | Villager (Male) |
| 2:56 | Create | Villager (Male) |
| 3:40 | Create | Villager (Male) |
| 3:55 | Create | Villager (Male) |
| 4:32 | Create | Villager (Male) |
| 4:33 | Create | Villager (Male) |
| 5:02 | Create | Villager (Male) |
| 5:03 | Create | Villager (Male) |
| 5:34 | Create | Villager (Male) |
| 5:37 | Create | Villager (Male) |
| 5:46 | Create | Villager (Male) |
| 5:47 | Create | Villager (Male) |
| 5:47 | Create | Villager (Male) |
| 5:47 | Create | Villager (Male) |
| 6:16 | Build | Mill |
| 6:27 | Create | Villager (Male) |
| 6:46 | Build | House |
| 6:51 | Create | Villager (Male) |
| 7:27 | Create | Villager (Male) |
| 7:42 | Build | Mining Camp |
| 8:37 | Research | Feudal Age |
| 8:37 | Research | Feudal Age |
| 9:44 | Build | Farm |
| 9:45 | Build | Farm |
| 9:46 | Build | Farm |
| 9:52 | Build | Farm |
| 9:53 | Build | Farm |
| 10:32 | Create | Villager (Male) |
| 10:32 | Create | Villager (Male) |
| 10:52 | Age | Feudal Age |
| 10:56 | Build | Market |
| 11:07 | Research | Wheelbarrow |
| 11:46 | Build | Blacksmith |
| 12:25 | Create | Villager (Male) |
| 12:26 | Create | Villager (Male) |
| 12:29 | Build | Farm |
| 12:36 | Build | Farm |
| 12:53 | Build | Farm |
| 13:16 | Create | Villager (Male) |
| 13:52 | Research | Castle Age |
| 14:20 | Research | Double-Bit Axe |
| 14:21 | Research | Double-Bit Axe |
| 14:21 | Research | Double-Bit Axe |
| 14:52 | Create | Villager (Male) |
| 14:54 | Research | Horse Collar |
| 14:54 | Research | Horse Collar |
| 14:57 | Research | Gold Mining |
| 14:57 | Research | Gold Mining |
| 15:06 | Build | House |
| 15:08 | Build | House |
| 15:09 | Build | House |
| 15:52 | Build | Lumber Camp |
| 16:08 | Build | House |
| 16:08 | Build | House |
| 16:10 | Create | Villager (Male) |
| 16:10 | Create | Villager (Male) |
| 16:22 | Create | Villager (Male) |
| 16:32 | Age | Castle Age |
| 16:43 | Build | Siege Workshop |
| 16:54 | Build | Siege Workshop |
| 17:00 | Create | Villager (Male) |
| 17:08 | Research | Bow Saw |
| 17:45 | Create | Battering Ram |
| 17:46 | Create | Battering Ram |
| 17:53 | Create | Villager (Male) |
| 17:55 | Build | House |
| 18:16 | Create | Villager (Male) |
| 18:29 | Create | Battering Ram |
| 18:29 | Create | Battering Ram |
| 18:38 | Create | Villager (Male) |
| 18:54 | Create | Scorpion ×2 |
| 18:55 | Create | Scorpion ×2 |
| 19:09 | Create | Scorpion |
| 19:10 | Create | Villager (Male) |
| 19:10 | Create | Villager (Male) |
| 19:24 | Create | Battering Ram |
| 19:50 | Create | Battering Ram |
| 19:52 | Create | Villager (Male) |
| 19:52 | Create | Villager (Male) |
| 19:57 | Research | Gold Shaft Mining |
| 20:22 | Create | Scorpion |
| 20:24 | Create | Villager (Male) |
| 20:37 | Create | Villager (Male) |
| 20:38 | Create | Villager (Male) |
| 20:44 | Build | Town Center |
| 22:23 | Create | Villager (Male) |
| 22:23 | Create | Villager (Male) |
| 22:26 | Create | Scorpion ×5 |
| 22:55 | Create | Mangonel |
| 22:56 | Create | Mangonel |
| 23:04 | Create | Villager (Male) |
| 23:05 | Create | Villager (Male) |
| 23:06 | Create | Villager (Male) |
| 23:10 | Build | Farm |
| 23:11 | Build | Farm |
| 23:12 | Build | Farm |
| 23:14 | Create | Villager (Male) |
| 23:30 | Create | Villager (Male) |
| 23:34 | Build | Farm |
| 23:36 | Research | Heavy Plow |
| 23:37 | Research | Heavy Plow |
| 23:45 | Build | Farm |
| 23:47 | Build | Farm |
| 23:49 | Build | Farm |
| 23:51 | Build | Farm |
| 23:52 | Build | Farm |
| 23:54 | Build | Farm |
| 23:55 | Build | Farm |
| 24:04 | Build | Mining Camp |
| 24:27 | Create | Mangonel |
| 24:47 | Create | Villager (Male) |
| 24:47 | Create | Villager (Male) |
| 24:50 | Build | Farm |
| 24:51 | Build | Farm |
| 24:53 | Create | Villager (Male) |
| 24:54 | Create | Villager (Male) |
| 25:01 | Build | Town Center |
| 25:33 | Create | Battering Ram |
| 25:33 | Create | Battering Ram |
| 26:36 | Create | Villager (Male) |
| 26:37 | Create | Villager (Male) |
| 26:39 | Research | Hand Cart |
| 26:39 | Research | Hand Cart |
| 26:39 | Create | Villager (Male) |
| 26:40 | Create | Villager (Male) |
| 26:40 | Create | Villager (Male) |
| 26:40 | Create | Villager (Male) |
| 26:41 | Create | Villager (Male) |
| 26:41 | Create | Villager (Male) |
| 26:45 | Build | House |
| 26:45 | Build | House |
| 26:46 | Build | House |
| 26:47 | Build | House |
| 26:49 | Build | House |
| 26:50 | Build | House |
| 27:27 | Create | Villager (Male) |
Build order — FAILEDFEMBOY
First 150 of 349 actions detected
| 0:03 | Create | Villager (Male) |
| 0:04 | Create | Villager (Male) |
| 0:04 | Create | Villager (Male) |
| 0:04 | Create | Villager (Male) |
| 0:04 | Create | Villager (Male) |
| 0:07 | Build | House |
| 0:08 | Build | House |
| 1:51 | Create | Villager (Male) |
| 1:51 | Create | Villager (Male) |
| 1:58 | Build | Lumber Camp |
| 2:13 | Create | Villager (Male) |
| 2:13 | Create | Villager (Male) |
| 2:13 | Create | Villager (Male) |
| 2:36 | Create | Villager (Male) |
| 2:37 | Create | Villager (Male) |
| 3:00 | Create | Villager (Male) |
| 3:00 | Create | Villager (Male) |
| 3:33 | Create | Villager (Male) |
| 3:33 | Create | Villager (Male) |
| 3:40 | Build | House |
| 3:41 | Build | House |
| 3:42 | Build | House |
| 3:46 | Create | Villager (Male) |
| 3:47 | Create | Villager (Male) |
| 4:24 | Create | Villager (Male) |
| 4:25 | Create | Villager (Male) |
| 4:25 | Create | Villager (Male) |
| 5:07 | Create | Villager (Male) |
| 5:08 | Create | Villager (Male) |
| 5:08 | Create | Villager (Male) |
| 5:12 | Build | Mill |
| 5:26 | Build | Mill |
| 5:43 | Create | Villager (Male) |
| 5:43 | Create | Villager (Male) |
| 6:03 | Create | Villager (Male) |
| 6:03 | Create | Villager (Male) |
| 6:17 | Build | Palisade Wall |
| 6:24 | Create | Villager (Male) |
| 6:24 | Create | Villager (Male) |
| 6:46 | Create | Villager (Male) |
| 6:46 | Create | Villager (Male) |
| 7:21 | Create | Villager (Male) |
| 7:21 | Create | Villager (Male) |
| 7:38 | Create | Villager (Male) |
| 7:38 | Create | Villager (Male) |
| 7:38 | Create | Villager (Male) |
| 7:39 | Create | Villager (Male) |
| 8:24 | Build | Mill |
| 9:05 | Build | Mining Camp |
| 9:35 | Research | Feudal Age |
| 10:10 | Create | Villager (Male) |
| 10:10 | Create | Villager (Male) |
| 10:10 | Create | Villager (Male) |
| 10:24 | Research | Loom |
| 10:42 | Build | Farm |
| 10:42 | Build | Farm |
| 10:43 | Build | Farm |
| 10:43 | Build | Farm |
| 10:43 | Build | Farm |
| 10:43 | Build | Farm |
| 10:43 | Build | Farm |
| 10:45 | Build | Farm |
| 10:49 | Build | Farm |
| 10:50 | Build | Farm |
| 11:45 | Age | Feudal Age |
| 11:53 | Build | Market |
| 12:40 | Build | Blacksmith |
| 13:12 | Build | Mining Camp |
| 13:29 | Research | Castle Age |
| 13:30 | Research | Castle Age |
| 13:51 | Research | Double-Bit Axe |
| 13:52 | Research | Double-Bit Axe |
| 14:21 | Research | Horse Collar |
| 14:21 | Research | Horse Collar |
| 16:09 | Age | Castle Age |
| 16:25 | Build | Siege Workshop |
| 16:40 | Create | Villager (Male) |
| 16:40 | Create | Villager (Male) |
| 16:40 | Create | Villager (Male) |
| 16:45 | Build | Town Center |
| 16:54 | Build | Stone Wall |
| 16:58 | Create | Mangonel |
| 17:15 | Build | House |
| 17:57 | Create | Villager (Male) |
| 17:57 | Create | Villager (Male) |
| 17:57 | Create | Villager (Male) |
| 18:15 | Create | Villager (Male) |
| 18:20 | Create | Villager (Male) |
| 18:20 | Create | Villager (Male) |
| 18:20 | Create | Villager (Male) |
| 18:38 | Build | Stone Wall |
| 19:10 | Create | Mangonel |
| 19:10 | Create | Mangonel |
| 19:29 | Create | Villager (Male) |
| 19:29 | Create | Villager (Male) |
| 19:29 | Create | Villager (Male) |
| 19:39 | Build | House |
| 20:11 | Build | House |
| 20:41 | Build | Castle |
| 20:54 | Build | House |
| 21:11 | Create | Villager (Male) |
| 21:11 | Create | Villager (Male) |
| 21:11 | Create | Villager (Male) |
| 21:12 | Create | Villager (Male) |
| 21:30 | Create | Villager (Male) |
| 21:30 | Create | Villager (Male) |
| 21:31 | Create | Villager (Male) |
| 21:32 | Create | Villager (Male) |
| 21:32 | Create | Villager (Male) |
| 21:45 | Build | Barracks |
| 22:25 | Build | Stone Wall |
| 22:41 | Create | Villager (Male) |
| 22:41 | Create | Villager (Male) |
| 22:42 | Build | Farm |
| 23:06 | Build | Stable |
| 23:22 | Build | Farm |
| 23:23 | Build | Farm |
| 23:23 | Build | Farm |
| 23:23 | Build | Farm |
| 23:23 | Build | Farm |
| 23:23 | Build | Farm |
| 23:24 | Build | Farm |
| 23:59 | Create | Villager (Male) |
| 23:59 | Create | Villager (Male) |
| 23:59 | Create | Villager (Male) |
| 24:07 | Build | Farm |
| 24:08 | Build | Farm |
| 24:08 | Build | Farm |
| 24:08 | Build | Farm |
| 24:08 | Build | Farm |
| 24:08 | Build | Farm |
| 24:21 | Build | Farm |
| 24:38 | Build | Farm |
| 24:44 | Build | Farm |
| 24:51 | Build | Farm |
| 25:07 | Build | Farm |
| 25:12 | Build | Farm |
| 25:23 | Create | Villager (Male) |
| 25:30 | Build | Farm |
| 25:33 | Build | Farm |
| 25:46 | Build | Farm |
| 25:46 | Build | Farm |
| 26:30 | Build | Farm |
| 26:31 | Build | Farm |
| 26:31 | Build | Farm |
| 26:31 | Build | Farm |
| 26:31 | Build | Farm |
| 26:37 | Research | Heavy Plow |
| 26:43 | Research | Bow Saw |
| 26:44 | Research | Bow Saw |
Match timeline
| 1:16 | thesmithchris · wall_segment Palisade Wall x1 |
| 1:19 | thesmithchris · wall_segment Palisade Wall x1 |
| 1:20 | thesmithchris · wall_segment Palisade Wall x1 |
| 1:21 | thesmithchris · wall_segment Palisade Wall x1 |
| 1:21 | thesmithchris · wall_segment Palisade Wall x1 |
| 1:22 | thesmithchris · wall_segment Palisade Wall x1 |
| 1:23 | thesmithchris · wall_segment Palisade Wall x1 |
| 1:24 | thesmithchris · wall_segment Palisade Wall x1 |
| 1:25 | thesmithchris · wall_segment Palisade Wall x1 |
| 2:28 | thesmithchris · wall_segment Palisade Wall x1 |
| 2:32 | thesmithchris · wall_segment Palisade Wall x1 |
| 2:34 | thesmithchris · wall_segment Palisade Wall x2 |
| 2:35 | thesmithchris · wall_segment Palisade Wall x1 |
| 2:36 | thesmithchris · wall_segment Palisade Wall x1 |
| 4:14 | VIT | Hera · wall_segment Palisade Wall x1 |
| 4:14 | VIT | Hera · wall_segment Palisade Wall x1 |
| 4:23 | VIT | Hera · wall_segment Palisade Wall x1 |
| 4:31 | VIT | Hera · wall_segment Palisade Wall x4 |
| 4:45 | VIT | Hera · wall_segment Palisade Wall x1 |
| 4:46 | VIT | Hera · wall_segment Palisade Wall x1 |
| 4:49 | VIT | Hera · wall_segment Palisade Wall x1 |
| 4:50 | VIT | Hera · wall_segment Palisade Wall x1 |
| 4:52 | VIT | Hera · wall_segment Palisade Wall x1 |
| 4:53 | VIT | Hera · wall_segment Palisade Wall x1 |
| 6:17 | FAILEDFEMBOY · wall_segment Palisade Wall x2 |
| 10:27 | AM | Rick2 · age_up feudal |
| 10:52 | naturalandre12 · age_up feudal |
| 10:56 | MrGodly0708 · age_up feudal |
| 10:58 | VIT | Hera · age_up feudal |
| 11:09 | Regal · age_up feudal |
| 11:13 | ppeng · age_up feudal |
| 11:45 | FAILEDFEMBOY · age_up feudal |
| 12:11 | thesmithchris · age_up feudal |
| 12:16 | ppeng · first_market_buy 100 food |
| 12:17 | ppeng · first_market_sell 100 wood |
| 14:17 | AM | Rick2 · age_up castle |
| 14:27 | MrGodly0708 · age_up castle |
| 14:33 | VIT | Hera · age_up castle |
| 14:44 | VIT | Hera · first_market_buy 100 wood |
| 15:01 | Regal · age_up castle |
| 15:09 | ppeng · age_up castle |
| 15:46 | MrGodly0708 · first_market_buy 100 food |
| 15:54 | ppeng · first_building Castle |
| 16:09 | FAILEDFEMBOY · age_up castle |
| 16:25 | FAILEDFEMBOY · first_building Siege Workshop |
| 16:32 | naturalandre12 · age_up castle |
| 16:37 | thesmithchris · age_up castle |
| 16:43 | naturalandre12 · first_building Siege Workshop |
| 16:54 | FAILEDFEMBOY · wall_segment Stone Wall x9 |
| 17:24 | AM | Rick2 · first_building Barracks |
| 18:18 | AM | Rick2 · first_building Stable |
| 18:21 | VIT | Hera · first_building Monastery |
| 18:38 | FAILEDFEMBOY · wall_segment Stone Wall x9 |
| 18:46 | FAILEDFEMBOY · first_market_sell 100 wood |
| 18:48 | thesmithchris · first_building Barracks |
| 19:32 | thesmithchris · first_building Stable |
| 20:20 | VIT | Hera · first_building Siege Workshop |
| 20:21 | AM | Rick2 · first_market_buy 100 food |
| 20:31 | AM | Rick2 · first_market_sell 100 stone |
| 20:41 | FAILEDFEMBOY · first_building Castle |
| 20:49 | VIT | Hera · first_market_sell 100 food |
| 21:45 | FAILEDFEMBOY · first_building Barracks |
| 21:47 | MrGodly0708 · first_building Monastery |
| 21:59 | MrGodly0708 · first_building Siege Workshop |
| 22:20 | Regal · first_building Monastery |
| 22:21 | VIT | Hera · wall_segment Palisade Wall x1 |
| 22:23 | VIT | Hera · wall_segment Palisade Wall x1 |
| 22:25 | FAILEDFEMBOY · wall_segment Stone Wall x12 |
| 22:32 | VIT | Hera · wall_segment Palisade Wall x1 |
| 23:06 | FAILEDFEMBOY · first_building Stable |
| 23:21 | Regal · first_market_sell 100 food |
| 24:44 | VIT | Hera · wall_segment Palisade Wall x1 |
| 25:32 | MrGodly0708 · first_market_sell 100 food |
| 25:34 | MrGodly0708 · first_building Castle |
| 26:24 | Regal · first_building Siege Workshop |
| 26:55 | Regal · first_market_buy 100 stone |
| 27:03 | ppeng · first_building Siege Workshop |
| 27:03 | Regal · first_building Castle |
| 27:36 | FAILEDFEMBOY · first_market_buy 100 food |
| 28:26 | VIT | Hera · wall_segment Palisade Wall x1 |
| 28:26 | VIT | Hera · wall_segment Palisade Wall x1 |
| 28:36 | FAILEDFEMBOY · first_building Archery Range |
| 28:44 | thesmithchris · first_market_buy 100 stone |
| 28:50 | VIT | Hera · age_up imperial |
| 29:08 | thesmithchris · first_building Castle |
| 29:11 | Regal · first_building Barracks |
| 30:37 | VIT | Hera · first_building Barracks |
| 30:52 | thesmithchris · tribute_sent a jugador 1 |
| 30:52 | thesmithchris · tribute_sent a jugador 2 |
| 30:52 | thesmithchris · tribute_sent a jugador 3 |
| 30:52 | thesmithchris · tribute_sent a jugador 4 |
| 30:52 | thesmithchris · tribute_sent a jugador 6 |
| 30:52 | thesmithchris · tribute_sent a jugador 7 |
| 30:52 | thesmithchris · tribute_sent a jugador 8 |
| 30:58 | FAILEDFEMBOY · age_up imperial |
| 30:59 | naturalandre12 · first_building Castle |
| 31:25 | VIT | Hera · first_building Archery Range |
| 31:44 | naturalandre12 · first_building Barracks |
| 31:45 | Regal · age_up imperial |
| 32:02 | naturalandre12 · first_building Monastery |
| 33:07 | MrGodly0708 · age_up imperial |
| 33:18 | Regal · first_building Stable |
| 33:22 | Regal · first_building Archery Range |
| 33:28 | thesmithchris · tribute_sent a jugador 1 |
| 33:28 | thesmithchris · tribute_sent a jugador 2 |
| 33:28 | thesmithchris · tribute_sent a jugador 3 |
| 33:28 | thesmithchris · tribute_sent a jugador 4 |
| 33:28 | thesmithchris · tribute_sent a jugador 6 |
| 33:28 | thesmithchris · tribute_sent a jugador 7 |
| 33:28 | thesmithchris · tribute_sent a jugador 8 |
| 33:38 | naturalandre12 · age_up imperial |
| 34:06 | VIT | Hera · first_building Stable |
| 34:08 | AM | Rick2 · first_building Monastery |
| 34:14 | VIT | Hera · first_building Castle |
| 36:03 | AM | Rick2 · first_building Castle |
| 37:17 | thesmithchris · age_up imperial |
| 38:23 | thesmithchris · first_market_sell 500 wood |
| 38:32 | AM | Rick2 · age_up imperial |
| 39:47 | ppeng · first_building Monastery |
| 41:25 | ppeng · first_building Barracks |
| 41:28 | thesmithchris · tribute_sent a jugador 1 |
| 41:28 | thesmithchris · tribute_sent a jugador 2 |
| 41:28 | thesmithchris · tribute_sent a jugador 3 |
| 41:28 | thesmithchris · tribute_sent a jugador 4 |
| 41:28 | thesmithchris · tribute_sent a jugador 6 |
| 41:28 | thesmithchris · tribute_sent a jugador 7 |
| 41:28 | thesmithchris · tribute_sent a jugador 8 |
| 42:16 | VIT | Hera · tribute_sent a jugador 2 |
| 42:16 | VIT | Hera · tribute_sent a jugador 3 |
| 42:16 | VIT | Hera · tribute_sent a jugador 4 |
| 42:16 | VIT | Hera · tribute_sent a jugador 5 |
| 42:16 | VIT | Hera · tribute_sent a jugador 6 |
| 42:16 | VIT | Hera · tribute_sent a jugador 7 |
| 42:16 | VIT | Hera · tribute_sent a jugador 8 |
| 42:28 | ppeng · first_building Stable |
| 43:41 | ppeng · age_up imperial |
| 46:30 | AM | Rick2 · first_building Siege Workshop |
| 47:13 | MrGodly0708 · first_building Barracks |
| 49:37 | MrGodly0708 · wall_segment Stone Wall x2 |
| 49:41 | MrGodly0708 · wall_segment Stone Wall x14 |
| 49:59 | FAILEDFEMBOY · resign |
[ AI ANALYSIS · 1 CREDIT ]
What really happened in this match?
Wolo.gg analyzes every decision: build order, eco, micro, common mistakes by bracket. Personalized analysis on WhatsApp or Discord in 30 seconds.
Civ guide
Malians
Perfil
ppeng